National vs Sasquatch
Created - 19 octobre 2014 at 19:26
Goals
|
| National |
0 |
3 |
3 |
6 |
| Sasquatch |
1 |
1 |
2 |
4 |
|
Shots
|
| National |
0 |
16 |
16 |
32 |
| Sasquatch |
10 |
9 |
18 |
37 |
|
1st period
1. Sasquatch , Matt Niskanen 1 (Tyler Johnson) at 19:25 (PP)
Penalties :
Kristoffer Berglund (Que) for Hooking (Minor) at 17:46
2nd period
2. National , Rico Fata 7 (William Colbert, Mikael Backlund) at 0:33
3. Sasquatch , Jakub Voracek 7 (Derek Stepan) at 6:53 (PP)
4. National , Johannes Salmonsson 3 (Igor Makarov, Chris Mueller) at 9:16
5. National , Johannes Salmonsson 4 (Igor Makarov, Pat Dwyer) at 12:55
Penalties :
Pat Dwyer (Que) for Hooking (Minor) at 6:51, Keith Yandle (Gat) for Holding (Minor) at 10:47, Dustin Kohn (Que) for Goalie Interference (Minor) at 14:34
3rd period
6. National , David Desharnais 5 (Guillaume Desbiens, Philip Larsen) at 0:45
7. National , Rico Fata 8 (Mikael Backlund) at 14:54
8. Sasquatch , Oskar Osala 4 (Tyler Johnson) at 15:56 (PP)
9. National , Mikael Backlund 5 (Guillaume Desbiens) at 17:33 (PP)
10. Sasquatch , Luke Adam 2 (Brandon Bochenski, Jake Gardiner) at 19:40
Penalties :
Derek Stepan (Gat) for Hooking (Minor) at 0:48, Nick Leddy (Gat) for High sticking (Minor) at 8:18, Chris Mueller (Que) for Hooking (Minor) at 15:55, Cam Atkinson (Gat) for Hooking (Minor) at 17:18
Goalie Stats
Tyler Plante (Que), 33 saves from 37 shots - (0,892), W, 1-1-0, 60:00 minutes
Anders Lindback (Gat), 13 saves from 15 shots - (0,867), L, 2-4-0, 19:15 minutes
Jonas Gustavsson (Gat), 13 saves from 17 shots - (0,765), 40:45 minutes
Players Stats for National
Player Name G A P +/- PIM S H SB GA TA FO MP PP MP PK MP
------------------------------------------------------------------------------------
Cédric Lalonde-McNicoll 0 0 0 -1 0 0 0 0 0 0 0/1 7:22 0:00 0:00
Chris Mueller 0 1 1 2 2 0 3 0 0 1 3/8 12:53 0:14 0:00
David Desharnais 1 0 1 1 0 2 0 0 0 0 5/12 16:17 2:44 0:09
Denis Bodrov 0 0 0 2 0 1 1 0 0 1 0/0 19:32 2:18 1:44
Dustin Kohn 0 0 0 1 2 2 1 2 0 0 0/0 27:47 3:52 1:22
Erik Gustafsson 0 0 0 1 0 0 0 0 0 0 0/0 11:52 0:02 0:35
Guillaume Desbiens 0 2 2 1 0 5 1 1 0 1 1/2 17:39 3:19 0:57
Igor Makarov 0 2 2 2 0 2 2 0 0 0 0/0 12:53 0:00 0:19
Johannes Salmonsson 2 0 2 2 0 3 2 0 1 0 0/0 13:00 0:09 0:00
Jonathan Cheechoo 0 0 0 2 0 1 3 2 0 0 3/5 21:06 2:39 0:57
Kristoffer Berglund 0 0 0 1 2 1 0 1 0 0 0/0 11:25 0:02 0:00
Magnus Paajarvi-Svensson 0 0 0 0 0 2 3 2 0 2 0/0 18:37 2:39 0:28
Mikael Backlund 1 2 3 2 0 5 0 2 0 1 13/27 20:52 3:19 0:00
Pasi Salonen 0 0 0 0 0 1 0 0 0 0 0/0 8:47 3:19 2:16
Pat Dwyer 0 1 1 -1 2 0 1 0 0 0 0/0 7:27 0:14 0:00
Philip Larsen 0 1 1 2 0 1 3 2 1 1 0/0 19:23 2:18 1:44
Rico Fata 2 0 2 2 0 5 0 0 1 0 3/5 19:56 0:00 2:16
William Colbert 0 1 1 1 0 1 1 4 0 0 0/0 27:46 3:52 1:57
Players Stats for Sasquatch
Player Name G A P +/- PIM S H SB GA TA FO MP PP MP PK MP
------------------------------------------------------------------------------------
Brandon Bochenski 0 1 1 0 0 0 1 0 1 0 0/0 10:48 0:06 1:19
Cam Atkinson 0 0 0 -1 2 3 3 0 0 1 1/1 13:20 0:06 1:34
D.J King 0 0 0 -2 0 3 3 2 0 0 0/2 22:55 2:18 3:13
Derek Stepan 0 1 1 -2 2 2 2 1 1 0 12/22 19:35 2:18 0:00
Jake Gardiner 0 1 1 -3 0 4 1 1 1 0 0/0 28:33 2:29 3:59
Jakub Voracek 1 0 1 -2 0 8 1 0 0 0 0/0 19:38 2:18 0:00
Keith Yandle 0 0 0 -3 2 1 2 1 1 0 0/0 22:54 1:12 1:38
Kyle Clifford 0 0 0 -1 0 0 2 0 0 0 0/1 13:08 0:00 1:40
Luke Adam 1 0 1 0 0 1 0 0 0 0 3/3 8:58 0:00 0:00
Matt Beleskey 0 0 0 0 0 0 2 0 0 0 0/0 9:05 0:00 0:00
Matt Donovan 0 0 0 -1 0 1 0 0 0 0 0/0 11:57 0:00 0:35
Matt Niskanen 1 0 1 0 0 1 0 1 0 0 0/0 20:11 1:12 2:13
Nick Leddy 0 0 0 0 2 0 0 0 0 1 0/0 18:02 2:29 0:00
Oskar Osala 1 0 1 -1 0 4 2 1 1 0 0/0 14:52 1:17 1:19
Stephane Da Costa 0 0 0 0 0 0 0 0 0 0 2/6 11:43 0:06 0:06
T.J. Oshie 0 0 0 -1 0 5 0 0 1 1 0/0 13:41 1:17 0:00
Tyler Johnson 0 2 2 -1 0 4 1 0 1 0 14/24 17:03 1:17 3:13
Yann Sauvé 0 0 0 -2 0 0 1 0 0 0 0/0 16:24 0:00 3:59
3 Stars
1 - Johannes Salmonsson (Que)
2 - Mikael Backlund (Que)
3 - Rico Fata (Que)
Power Play
National - 1 on 4 Attempt(s) - 25,00%
Sasquatch - 3 on 4 Attempt(s) - 75,00%
Penalty Kill
National - 1 on 4 Attempt(s) - 25,00%
- Score 0 goal in Penalty Kill
Sasquatch - 3 on 4 Attempt(s) - 75,00%
- Score 0 goal in Penalty Kill
Official
Referees : L'Ecuyer Frederick and Rooney Chris
Linesman : Don Henderson and Mike Cvik
Game Notes
Anders Lindback enters game at 0:45 of 3rd period
Finance
Level 1 -- Attendance: 1404 (70,20%) -- Ticket Income 49 140 $
Level 2 -- Attendance: 776 (77,60%) -- Ticket Income 11 640 $
Total Attendance: 2180 (72,67%)
Total Ticket Income: 60 780 $
Other Income: 3 039 $
Total Income: 63 819 $
National
5 vs 5 Forward
Center Left Wing Right Wing Time % Phy DF OF
1 Mikael Backlund Rico Fata Jonathan Cheechoo 40 0 2 3
2 David Desharnais Magnus Paajarvi-Svensson Guillaume Desbiens 30 0 2 3
3 Chris Mueller Johannes Salmonsson Igor Makarov 20 1 2 2
4 Cédric Lalonde-McNicoll Magnus Paajarvi-Svensson Pat Dwyer 10 1 2 2
5 vs 5 Defense
Defense Defense Time % Phy DF OF
1 William Colbert Dustin Kohn 40 0 2 3
2 Denis Bodrov Philip Larsen 30 0 2 3
3 Kristoffer Berglund Erik Gustafsson 20 1 2 2
4 William Colbert Dustin Kohn 10 1 2 2
PowerPlay Forward
Center Left Wing Right Wing Time % Phy DF OF
1 Mikael Backlund Pasi Salonen Guillaume Desbiens 60 0 1 4
2 David Desharnais Magnus Paajarvi-Svensson Jonathan Cheechoo 40 0 1 4
PowerPlay Defense
Defense Defense Time % Phy DF OF
1 William Colbert Dustin Kohn 60 0 2 3
2 Denis Bodrov Philip Larsen 40 0 2 3
Penalty Kill 4 Players Forward
Center Wing Time % Phy DF OF
1 Rico Fata Pasi Salonen 60 1 3 1
2 Jonathan Cheechoo Guillaume Desbiens 40 1 3 1
Penalty Kill 4 Players Defense
Defense Defense Time % Phy DF OF
1 William Colbert Dustin Kohn 60 1 3 1
2 Denis Bodrov Philip Larsen 40 1 3 1
Penalty Kill - 3 Players Forward
Forward Time % Phy DF OF
1 Rico Fata 60 1 3 1
2 Pasi Salonen 40 1 3 1
Penalty Kill - 3 Players Defense
Defense Defense Time % Phy DF OF
1 William Colbert Dustin Kohn 60 1 3 1
2 Denis Bodrov Philip Larsen 40 1 3 1
4 vs 4 Forward
Center Wing Time % Phy DF OF
1 Mikael Backlund Guillaume Desbiens 60 0 2 3
2 David Desharnais Magnus Paajarvi-Svensson 40 0 2 3
4 vs 4 Defense
Defense Defense Time % Phy DF OF
1 William Colbert Dustin Kohn 60 1 2 2
2 Denis Bodrov Philip Larsen 40 1 2 2
Last Minutes Offensive
Center Left Wing Right Wing Defense Defense
Mikael Backlund Rico Fata Jonathan Cheechoo William Colbert Dustin Kohn
Last Minutes Defensive
Center Left Wing Right Wing Defense Defense
Mikael Backlund Rico Fata Jonathan Cheechoo William Colbert Dustin Kohn
Goaltenders
Starting : Tyler Plante
Backup : Keith Kinkaid
Extra Forwards
Normal : Magnus Paajarvi-Svensson, Chris Mueller, Igor Makarov - PP : Magnus Paajarvi-Svensson, Chris Mueller - PK : Igor Makarov
Extra Defensemen
Normal : Kristoffer Berglund, Erik Gustafsson, Denis Bodrov - PP : Kristoffer Berglund - PK : Erik Gustafsson, Denis Bodrov
Penalty Shots
Rico Fata, Pasi Salonen, Jonathan Cheechoo, Guillaume Desbiens, Johannes Salmonsson
Sasquatch
5 vs 5 Forward
Center Left Wing Right Wing Time % Phy DF OF
1 Derek Stepan D.J King Jakub Voracek 40 1 2 2
2 Tyler Johnson Oskar Osala T.J. Oshie 30 1 2 2
3 Stephane Da Costa Kyle Clifford Cam Atkinson 20 1 2 2
4 Luke Adam Matt Beleskey Brandon Bochenski 10 1 2 2
5 vs 5 Defense
Defense Defense Time % Phy DF OF
1 Keith Yandle Jake Gardiner 40 1 2 2
2 Nick Leddy Matt Niskanen 30 1 2 2
3 Matt Donovan Yann Sauvé 20 1 2 2
4 Jake Gardiner Matt Niskanen 10 1 2 2
PowerPlay Forward
Center Left Wing Right Wing Time % Phy DF OF
1 Derek Stepan D.J King Jakub Voracek 60 1 2 2
2 Tyler Johnson Oskar Osala T.J. Oshie 40 1 2 2
PowerPlay Defense
Defense Defense Time % Phy DF OF
1 Jake Gardiner Nick Leddy 60 1 2 2
2 Keith Yandle Matt Niskanen 40 1 2 2
Penalty Kill 4 Players Forward
Center Wing Time % Phy DF OF
1 Tyler Johnson D.J King 60 1 2 2
2 Brandon Bochenski Oskar Osala 40 1 2 2
Penalty Kill 4 Players Defense
Defense Defense Time % Phy DF OF
1 Jake Gardiner Yann Sauvé 60 1 2 2
2 Keith Yandle Matt Niskanen 40 1 2 2
Penalty Kill - 3 Players Forward
Forward Time % Phy DF OF
1 Tyler Johnson 60 1 2 2
2 Brandon Bochenski 40 1 2 2
Penalty Kill - 3 Players Defense
Defense Defense Time % Phy DF OF
1 Jake Gardiner Yann Sauvé 60 1 2 2
2 Keith Yandle Matt Donovan 40 1 2 2
4 vs 4 Forward
Center Wing Time % Phy DF OF
1 Derek Stepan Jakub Voracek 60 1 2 2
2 Tyler Johnson T.J. Oshie 40 1 2 2
4 vs 4 Defense
Defense Defense Time % Phy DF OF
1 Jake Gardiner Matt Donovan 60 1 2 2
2 Keith Yandle Matt Niskanen 40 1 2 2
Last Minutes Offensive
Center Left Wing Right Wing Defense Defense
Derek Stepan D.J King Jakub Voracek Jake Gardiner Matt Niskanen
Last Minutes Defensive
Center Left Wing Right Wing Defense Defense
Tyler Johnson D.J King Brandon Bochenski Jake Gardiner Keith Yandle
Goaltenders
Starting : Jonas Gustavsson
Backup : Anders Lindback
Extra Forwards
Normal : Brandon Bochenski, Stephane Da Costa, Cam Atkinson - PP : Brandon Bochenski, Stephane Da Costa - PK : Cam Atkinson
Extra Defensemen
Normal : Yann Sauvé, Jake Gardiner, Matt Donovan - PP : Yann Sauvé - PK : Matt Niskanen, Matt Donovan
Penalty Shots
Cam Atkinson, Oskar Osala, T.J. Oshie, Brandon Bochenski, Jakub Voracek
% Time on Ice - National
Lines # - Real PCT - Wanted PCT - Time Play
Normal Forward
1 - 36% - 40% - 17:48
2 - 27% - 30% - 13:30
3 - 24% - 20% - 12:13
4 - 13% - 10% - 6:36
Normal Defense
1 - 41% - 40% - 20:27
2 - 32% - 30% - 16:11
3 - 21% - 20% - 10:23
4 - 6% - 10% - 3:06
PP Forward
1 - 56% - 60% - 3:28
2 - 44% - 40% - 2:44
PP Defense
1 - 63% - 60% - 3:54
2 - 37% - 40% - 2:18
PK Forward
1 - 74% - 60% - 2:44
2 - 26% - 40% - 0:57
PK Defense
1 - 53% - 60% - 1:57
2 - 47% - 40% - 1:44
PK3 Forward
1 - 0% - 60%
2 - 0% - 40%
PK3 Defense
1 - 0% - 60%
2 - 0% - 40%
44 Forward
1 - 0% - 60%
2 - 0% - 40%
44 Defense
1 - 0% - 60%
2 - 0% - 40%
Last Minute Offensive - 0:00
Last Minute Defensive - 0:00
Total
Forward - 60:00
Defense - 60:00
|
% Time on Ice - Sasquatch
Lines # - Real PCT - Wanted PCT - Time Play
Normal Forward
1 - 35% - 40% - 17:30
2 - 25% - 30% - 12:17
3 - 22% - 20% - 11:12
4 - 18% - 10% - 9:08
Normal Defense
1 - 40% - 40% - 20:04
2 - 31% - 30% - 15:35
3 - 24% - 20% - 12:11
4 - 5% - 10% - 2:17
PP Forward
1 - 65% - 60% - 2:24
2 - 35% - 40% - 1:17
PP Defense
1 - 67% - 60% - 2:29
2 - 33% - 40% - 1:12
PK Forward
1 - 79% - 60% - 4:53
2 - 21% - 40% - 1:19
PK Defense
1 - 64% - 60% - 3:59
2 - 36% - 40% - 2:13
PK3 Forward
1 - 0% - 60%
2 - 0% - 40%
PK3 Defense
1 - 0% - 60%
2 - 0% - 40%
44 Forward
1 - 0% - 60%
2 - 0% - 40%
44 Defense
1 - 0% - 60%
2 - 0% - 40%
Last Minute Offensive - 0:00
Last Minute Defensive - 0:00
Total
Forward - 60:00
Defense - 60:00
|
Play by Play
1st period
0:01 of 1st period - Derek Stepan wins face-off versus Mikael Backlund in neutral zone.
0:09 of 1st period - Off-side.
0:10 of 1st period - Derek Stepan wins face-off versus Mikael Backlund in neutral zone.
0:25 of 1st period - Wrist shot by Rico Fata.
0:25 of 1st period - Shot Misses the Net.
0:37 of 1st period - Wrist shot by D.J King.
0:37 of 1st period - Stopped by Tyler Plante with a rebound.
0:39 of 1st period - Snap shot by Jake Gardiner.
0:39 of 1st period - Stopped by Tyler Plante with a rebound.
0:41 of 1st period - Snap shot by Jakub Voracek.
0:41 of 1st period - Shot Blocked by Dustin Kohn.
0:43 of 1st period - Snap shot by Jakub Voracek.
0:43 of 1st period - Shot Blocked by William Colbert.
0:51 of 1st period - Jake Gardiner is hit by William Colbert and loses puck.
0:58 of 1st period - Snap shot by D.J King.
0:58 of 1st period - Shot Blocked by Dustin Kohn.
1:00 of 1st period - Backhand shot by Keith Yandle.
1:00 of 1st period - Shot Blocked by William Colbert.
1:02 of 1st period - Wrist shot by Keith Yandle.
1:02 of 1st period - Stopped by Tyler Plante with a rebound.
2:14 of 1st period - Jake Gardiner is hit by Jonathan Cheechoo and loses puck.
4:03 of 1st period - Wrist shot by Jakub Voracek.
4:03 of 1st period - Stopped by Tyler Plante without a rebound.
4:04 of 1st period - Tyler Johnson wins face-off versus Guillaume Desbiens in National zone.
4:29 of 1st period - Cam Atkinson is hit by Denis Bodrov and loses puck.
4:38 of 1st period - Snap shot by Igor Makarov.
4:38 of 1st period - Shot Blocked by Matt Niskanen.
8:16 of 1st period - Luke Adam is hit by Guillaume Desbiens and loses puck.
8:52 of 1st period - Icing by Magnus Paajarvi-Svensson.
8:53 of 1st period - Chris Mueller wins face-off versus in National zone.
11:02 of 1st period - Oskar Osala is hit by Philip Larsen and loses puck.
11:27 of 1st period - Magnus Paajarvi-Svensson is hit by Matt Beleskey and loses puck.
11:34 of 1st period - Brandon Bochenski is hit by Pat Dwyer and loses puck.
16:03 of 1st period - Icing by Chris Mueller.
16:04 of 1st period - Tyler Johnson wins face-off versus Chris Mueller in National zone.
17:46 of 1st period - Minor Penalty to Kristoffer Berglund for Hooking.
17:47 of 1st period - Rico Fata wins face-off versus Derek Stepan in National zone.
17:56 of 1st period - Off-side.
17:57 of 1st period - Rico Fata wins face-off versus Derek Stepan in neutral zone.
18:02 of 1st period - Wrist shot by Pasi Salonen.
18:02 of 1st period - Shot Misses the Net.
18:24 of 1st period - Slapshot by Jakub Voracek.
18:24 of 1st period - Deflect By D.J King.
18:24 of 1st period - Stopped by Tyler Plante with a rebound.
18:44 of 1st period - Wrist shot by D.J King.
18:44 of 1st period - Shot Misses the Net.
18:52 of 1st period - Wrist shot by Jakub Voracek.
18:52 of 1st period - Stopped by Tyler Plante with a rebound.
18:54 of 1st period - Slapshot by Jake Gardiner.
18:54 of 1st period - Shot Blocked by William Colbert.
18:56 of 1st period - Slapshot by Jake Gardiner.
18:56 of 1st period - Stopped by Tyler Plante with a rebound.
19:00 of 1st period - Wrist shot by Jakub Voracek.
19:00 of 1st period - Stopped by Tyler Plante with a rebound.
19:02 of 1st period - Slapshot by Jake Gardiner.
19:02 of 1st period - Stopped by Tyler Plante without a rebound.
19:03 of 1st period - Tyler Johnson wins face-off versus Jonathan Cheechoo in National zone.
19:08 of 1st period - Slapshot by T.J. Oshie.
19:08 of 1st period - Shot Blocked by Jonathan Cheechoo.
19:10 of 1st period - Snap shot by Oskar Osala.
19:10 of 1st period - Deflect By T.J. Oshie.
19:10 of 1st period - Deflect By Philip Larsen.
19:10 of 1st period - Shot Blocked by Philip Larsen.
19:10 of 1st period - Puck is out of play.
19:11 of 1st period - Jonathan Cheechoo wins face-off versus Tyler Johnson in National zone.
19:21 of 1st period - Off-side.
19:22 of 1st period - Tyler Johnson wins face-off versus Jonathan Cheechoo in neutral zone.
19:25 of 1st period - Slapshot by Matt Niskanen.
19:25 of 1st period - Goal by Matt Niskanen - National : 0 - Sasquatch : 1.
19:26 of 1st period - Derek Stepan wins face-off versus Mikael Backlund in neutral zone.
19:51 of 1st period - Dustin Kohn is hit by Kyle Clifford and loses puck.
Goals for this period are 0 for National vs 1 for Sasquatch.
Shots for this period are 0 for National vs 10 for Sasquatch.
2nd period
0:01 of 2nd period - Jonathan Cheechoo wins face-off versus D.J King in neutral zone.
0:06 of 2nd period - Snap shot by Mikael Backlund.
0:06 of 2nd period - Shot Blocked by D.J King.
0:08 of 2nd period - Snap shot by Jonathan Cheechoo.
0:08 of 2nd period - Stopped by Jonas Gustavsson without a rebound.
0:09 of 2nd period - Derek Stepan wins face-off versus Mikael Backlund in Sasquatch zone.
0:14 of 2nd period - William Colbert is hit by Keith Yandle and loses puck.
0:29 of 2nd period - Snap shot by Rico Fata.
0:29 of 2nd period - Stopped by Jonas Gustavsson with a rebound.
0:31 of 2nd period - Slapshot by William Colbert.
0:31 of 2nd period - Shot Misses the Net.
0:33 of 2nd period - Wrist shot by Rico Fata.
0:33 of 2nd period - Goal by Rico Fata - National : 1 - Sasquatch : 1.
0:34 of 2nd period - Derek Stepan wins face-off versus David Desharnais in neutral zone.
0:37 of 2nd period - David Desharnais is hit by D.J King and loses puck.
1:49 of 2nd period - Snap shot by David Desharnais.
1:49 of 2nd period - Shot Misses the Net.
1:51 of 2nd period - Slapshot by Denis Bodrov.
1:51 of 2nd period - Stopped by Jonas Gustavsson without a rebound.
1:52 of 2nd period - Derek Stepan wins face-off versus David Desharnais in Sasquatch zone.
2:06 of 2nd period - Wrist shot by Guillaume Desbiens.
2:06 of 2nd period - Stopped by Jonas Gustavsson without a rebound.
2:07 of 2nd period - Mikael Backlund wins face-off versus Tyler Johnson in Sasquatch zone.
2:16 of 2nd period - Snap shot by Rico Fata.
2:16 of 2nd period - Deflect By Keith Yandle.
2:16 of 2nd period - Stopped by Jonas Gustavsson with a rebound.
2:18 of 2nd period - Slapshot by Rico Fata.
2:18 of 2nd period - Shot Misses the Net.
2:20 of 2nd period - Snap shot by William Colbert.
2:20 of 2nd period - Shot Blocked by Keith Yandle.
2:22 of 2nd period - Slapshot by William Colbert.
2:22 of 2nd period - Stopped by Jonas Gustavsson with a rebound.
2:32 of 2nd period - Keith Yandle is hit by Magnus Paajarvi-Svensson and loses puck.
3:37 of 2nd period - Kristoffer Berglund is hit by Oskar Osala and loses puck.
3:52 of 2nd period - Yann Sauvé is hit by Chris Mueller and loses puck.
4:21 of 2nd period - Wrist shot by Jonathan Cheechoo.
4:21 of 2nd period - Shot Misses the Net.
4:23 of 2nd period - Snap shot by Rico Fata.
4:23 of 2nd period - Shot Misses the Net.
4:25 of 2nd period - Snap shot by Mikael Backlund.
4:25 of 2nd period - Stopped by Jonas Gustavsson without a rebound.
4:26 of 2nd period - Chris Mueller wins face-off versus Tyler Johnson in Sasquatch zone.
5:00 of 2nd period - Wrist shot by Jake Gardiner.
5:00 of 2nd period - Stopped by Tyler Plante without a rebound.
5:01 of 2nd period - Tyler Johnson wins face-off versus David Desharnais in National zone.
5:02 of 2nd period - Snap shot by Oskar Osala.
5:02 of 2nd period - Shot Misses the Net.
5:04 of 2nd period - Snap shot by T.J. Oshie.
5:04 of 2nd period - Stopped by Tyler Plante without a rebound.
5:05 of 2nd period - Tyler Johnson wins face-off versus David Desharnais in National zone.
5:41 of 2nd period - Slapshot by Keith Yandle.
5:41 of 2nd period - Shot Blocked by Guillaume Desbiens.
5:43 of 2nd period - Slapshot by Keith Yandle.
5:43 of 2nd period - Shot Misses the Net.
5:45 of 2nd period - Snap shot by Cam Atkinson.
5:45 of 2nd period - Shot Misses the Net.
6:02 of 2nd period - Snap shot by Rico Fata.
6:02 of 2nd period - Stopped by Jonas Gustavsson with a rebound.
6:04 of 2nd period - Slapshot by William Colbert.
6:04 of 2nd period - Shot Blocked by D.J King.
6:18 of 2nd period - Erik Gustafsson is hit by Matt Beleskey and loses puck.
6:51 of 2nd period - Minor Penalty to Pat Dwyer for Hooking.
6:52 of 2nd period - Derek Stepan wins face-off versus Rico Fata in National zone.
6:53 of 2nd period - Slapshot by Jakub Voracek.
6:53 of 2nd period - Goal by Jakub Voracek - National : 1 - Sasquatch : 2.
6:54 of 2nd period - Mikael Backlund wins face-off versus Derek Stepan in neutral zone.
7:07 of 2nd period - Wrist shot by Jakub Voracek.
7:07 of 2nd period - Stopped by Tyler Plante with a rebound.
7:30 of 2nd period - Jake Gardiner is hit by Chris Mueller and loses puck.
7:45 of 2nd period - Snap shot by David Desharnais.
7:45 of 2nd period - Deflect By Keith Yandle.
7:45 of 2nd period - Shot Misses the Net.
7:45 of 2nd period - Puck is out of play.
7:46 of 2nd period - Stephane Da Costa wins face-off versus Mikael Backlund in Sasquatch zone.
8:10 of 2nd period - Magnus Paajarvi-Svensson is hit by Kyle Clifford and loses puck.
8:39 of 2nd period - Snap shot by Cam Atkinson.
8:39 of 2nd period - Stopped by Tyler Plante without a rebound.
8:40 of 2nd period - Mikael Backlund wins face-off versus Derek Stepan in National zone.
8:47 of 2nd period - Wrist shot by Mikael Backlund.
8:47 of 2nd period - Shot Misses the Net.
9:08 of 2nd period - Wrist shot by Igor Makarov.
9:08 of 2nd period - Stopped by Jonas Gustavsson with a rebound.
9:10 of 2nd period - Snap shot by Chris Mueller.
9:10 of 2nd period - Shot Misses the Net.
9:12 of 2nd period - Slapshot by Chris Mueller.
9:12 of 2nd period - Deflect By Johannes Salmonsson.
9:12 of 2nd period - Stopped by Jonas Gustavsson with a rebound.
9:14 of 2nd period - Snap shot by Igor Makarov.
9:14 of 2nd period - Stopped by Jonas Gustavsson with a rebound.
9:16 of 2nd period - Snap shot by Johannes Salmonsson.
9:16 of 2nd period - Goal by Johannes Salmonsson - National : 2 - Sasquatch : 2.
9:17 of 2nd period - Mikael Backlund wins face-off versus D.J King in neutral zone.
9:30 of 2nd period - Slapshot by Mikael Backlund.
9:30 of 2nd period - Deflect By Nick Leddy.
9:30 of 2nd period - Stopped by Jonas Gustavsson with a rebound.
9:42 of 2nd period - D.J King is hit by Igor Makarov.
10:04 of 2nd period - Backhand shot by Magnus Paajarvi-Svensson.
10:04 of 2nd period - Stopped by Jonas Gustavsson without a rebound.
10:05 of 2nd period - Tyler Johnson wins face-off versus David Desharnais in Sasquatch zone.
10:10 of 2nd period - Slapshot by Keith Yandle.
10:10 of 2nd period - Shot Misses the Net.
10:12 of 2nd period - Snap shot by Tyler Johnson.
10:12 of 2nd period - Stopped by Tyler Plante without a rebound.
10:13 of 2nd period - Mikael Backlund wins face-off versus Tyler Johnson in National zone.
10:18 of 2nd period - Jonathan Cheechoo is hit by Oskar Osala and loses puck.
10:25 of 2nd period - Snap shot by T.J. Oshie.
10:25 of 2nd period - Deflect By Oskar Osala.
10:25 of 2nd period - Stopped by Tyler Plante without a rebound.
10:26 of 2nd period - Derek Stepan wins face-off versus Mikael Backlund in National zone.
10:41 of 2nd period - Snap shot by Rico Fata.
10:41 of 2nd period - Shot Misses the Net.
10:47 of 2nd period - Minor Penalty to Keith Yandle for Holding.
10:48 of 2nd period - Tyler Johnson wins face-off versus Mikael Backlund in Sasquatch zone.
12:34 of 2nd period - Yann Sauvé is hit by Magnus Paajarvi-Svensson and loses puck.
12:47 of 2nd period - Penalty to Keith Yandle is over, Keith Yandle is back on ice.
12:53 of 2nd period - Slapshot by Igor Makarov.
12:53 of 2nd period - Shot Blocked by Jake Gardiner.
12:55 of 2nd period - Snap shot by Johannes Salmonsson.
12:55 of 2nd period - Goal by Johannes Salmonsson - National : 3 - Sasquatch : 2.
12:56 of 2nd period - Derek Stepan wins face-off versus Chris Mueller in neutral zone.
13:09 of 2nd period - Nick Leddy is hit by Igor Makarov and loses puck.
13:28 of 2nd period - Snap shot by T.J. Oshie.
13:28 of 2nd period - Stopped by Tyler Plante without a rebound.
13:29 of 2nd period - Mikael Backlund wins face-off versus Tyler Johnson in National zone.
13:42 of 2nd period - Wrist shot by T.J. Oshie.
13:42 of 2nd period - Shot Blocked by Mikael Backlund.
13:54 of 2nd period - Guillaume Desbiens is hit by D.J King and loses puck.
14:05 of 2nd period - Wrist shot by D.J King.
14:05 of 2nd period - Shot Blocked by Magnus Paajarvi-Svensson.
14:12 of 2nd period - Icing by William Colbert.
14:13 of 2nd period - Stephane Da Costa wins face-off versus David Desharnais in National zone.
14:16 of 2nd period - Snap shot by Cam Atkinson.
14:16 of 2nd period - Shot Misses the Net.
14:22 of 2nd period - Snap shot by Oskar Osala.
14:22 of 2nd period - Deflect By T.J. Oshie.
14:22 of 2nd period - Stopped by Tyler Plante with a rebound.
14:34 of 2nd period - Minor Penalty to Dustin Kohn for Goalie Interference.
14:35 of 2nd period - Rico Fata wins face-off versus Derek Stepan in National zone.
14:35 of 2nd period - Rico Fata is hit by Derek Stepan.
16:34 of 2nd period - Penalty to Dustin Kohn is over, Dustin Kohn is back on ice.
16:42 of 2nd period - William Colbert is hit by Jake Gardiner and loses puck.
18:00 of 2nd period - Off-side.
18:01 of 2nd period - Luke Adam wins face-off versus David Desharnais in neutral zone.
19:53 of 2nd period - Jake Gardiner is hit by Philip Larsen and loses puck.
Goals for this period are 3 for National vs 1 for Sasquatch.
Shots for this period are 16 for National vs 9 for Sasquatch.
3rd period
0:01 of 3rd period - Derek Stepan wins face-off versus Mikael Backlund in neutral zone.
0:14 of 3rd period - Wrist shot by Rico Fata.
0:14 of 3rd period - Shot Blocked by Derek Stepan.
0:26 of 3rd period - Dustin Kohn is hit by Keith Yandle and loses puck.
0:31 of 3rd period - Slapshot by Keith Yandle.
0:31 of 3rd period - Shot Misses the Net.
0:33 of 3rd period - Snap shot by Kyle Clifford.
0:33 of 3rd period - Shot Misses the Net.
0:35 of 3rd period - Slapshot by Cam Atkinson.
0:35 of 3rd period - Stopped by Tyler Plante without a rebound.
0:36 of 3rd period - David Desharnais wins face-off versus Derek Stepan in National zone.
0:45 of 3rd period - Wrist shot by David Desharnais.
0:45 of 3rd period - Goal by David Desharnais - National : 4 - Sasquatch : 2.
0:45 of 3rd period - Anders Lindback enters game.
0:46 of 3rd period - Derek Stepan wins face-off versus Mikael Backlund in neutral zone.
0:48 of 3rd period - Minor Penalty to Derek Stepan for Hooking.
0:49 of 3rd period - Tyler Johnson wins face-off versus Mikael Backlund in Sasquatch zone.
2:13 of 3rd period - Mikael Backlund is hit by Yann Sauvé and loses puck.
2:48 of 3rd period - Penalty to Derek Stepan is over, Derek Stepan is back on ice.
3:00 of 3rd period - Brandon Bochenski is hit by Johannes Salmonsson and loses puck.
3:46 of 3rd period - Icing by Matt Donovan.
3:47 of 3rd period - Luke Adam wins face-off versus Cédric Lalonde-McNicoll in Sasquatch zone.
4:10 of 3rd period - Wrist shot by Guillaume Desbiens.
4:10 of 3rd period - Stopped by Anders Lindback with a rebound.
4:54 of 3rd period - Wrist shot by Cam Atkinson.
4:54 of 3rd period - Stopped by Tyler Plante without a rebound.
4:55 of 3rd period - Tyler Johnson wins face-off versus Chris Mueller in National zone.
4:58 of 3rd period - Snap shot by T.J. Oshie.
4:58 of 3rd period - Stopped by Tyler Plante with a rebound.
5:04 of 3rd period - Snap shot by Oskar Osala.
5:04 of 3rd period - Stopped by Tyler Plante with a rebound.
5:26 of 3rd period - Snap shot by Mikael Backlund.
5:26 of 3rd period - Shot Misses the Net.
6:22 of 3rd period - Slapshot by Yann Sauvé.
6:22 of 3rd period - Shot Misses the Net.
6:26 of 3rd period - Backhand shot by Brandon Bochenski.
6:26 of 3rd period - Shot Blocked by William Colbert.
6:28 of 3rd period - Slapshot by Matt Donovan.
6:28 of 3rd period - Stopped by Tyler Plante without a rebound.
6:29 of 3rd period - Jonathan Cheechoo wins face-off versus Derek Stepan in National zone.
7:29 of 3rd period - Cam Atkinson is hit by Philip Larsen and loses puck.
7:44 of 3rd period - Snap shot by Mikael Backlund.
7:44 of 3rd period - Stopped by Anders Lindback without a rebound.
7:45 of 3rd period - Luke Adam wins face-off versus Mikael Backlund in Sasquatch zone.
7:50 of 3rd period - Wrist shot by Matt Beleskey.
7:50 of 3rd period - Shot Blocked by Mikael Backlund.
8:18 of 3rd period - Minor Penalty to Nick Leddy for High sticking.
8:19 of 3rd period - Tyler Johnson wins face-off versus Mikael Backlund in Sasquatch zone.
8:32 of 3rd period - Slapshot by Jake Gardiner.
8:32 of 3rd period - Deflect By Tyler Johnson.
8:32 of 3rd period - Stopped by Tyler Plante with a rebound.
8:34 of 3rd period - Snap shot by D.J King.
8:34 of 3rd period - Stopped by Tyler Plante with a rebound.
8:36 of 3rd period - Snap shot by Tyler Johnson.
8:36 of 3rd period - Stopped by Tyler Plante with a rebound.
9:32 of 3rd period - Magnus Paajarvi-Svensson is hit by Cam Atkinson and loses puck.
10:18 of 3rd period - Penalty to Nick Leddy is over, Nick Leddy is back on ice.
10:26 of 3rd period - Snap shot by Igor Makarov.
10:26 of 3rd period - Shot Misses the Net.
10:46 of 3rd period - Brandon Bochenski is hit by Magnus Paajarvi-Svensson and loses puck.
11:27 of 3rd period - Icing by William Colbert.
11:28 of 3rd period - Mikael Backlund wins face-off versus Derek Stepan in National zone.
11:35 of 3rd period - Nick Leddy is hit by Jonathan Cheechoo and loses puck.
11:55 of 3rd period - Magnus Paajarvi-Svensson is hit by D.J King and loses puck.
12:02 of 3rd period - Wrist shot by Derek Stepan.
12:02 of 3rd period - Stopped by Tyler Plante with a rebound.
12:04 of 3rd period - Slapshot by Nick Leddy.
12:04 of 3rd period - Shot Blocked by Kristoffer Berglund.
12:06 of 3rd period - Slapshot by Jakub Voracek.
12:06 of 3rd period - Stopped by Tyler Plante without a rebound.
12:07 of 3rd period - Tyler Johnson wins face-off versus Chris Mueller in National zone.
12:10 of 3rd period - Backhand shot by T.J. Oshie.
12:10 of 3rd period - Stopped by Tyler Plante without a rebound.
12:11 of 3rd period - Chris Mueller wins face-off versus Tyler Johnson in National zone.
12:16 of 3rd period - Jake Gardiner is hit by Chris Mueller and loses puck.
12:47 of 3rd period - Slapshot by Matt Donovan.
12:47 of 3rd period - Shot Hit the Post.
12:49 of 3rd period - Snap shot by Matt Donovan.
12:49 of 3rd period - Shot Blocked by Philip Larsen.
13:04 of 3rd period - Stephane Da Costa is hit by Jonathan Cheechoo and loses puck.
13:29 of 3rd period - Snap shot by Dustin Kohn.
13:29 of 3rd period - Deflect By Jakub Voracek.
13:29 of 3rd period - Stopped by Anders Lindback with a rebound.
13:43 of 3rd period - Snap shot by Oskar Osala.
13:43 of 3rd period - Shot Misses the Net.
13:45 of 3rd period - Snap shot by Tyler Johnson.
13:45 of 3rd period - Stopped by Tyler Plante with a rebound.
13:47 of 3rd period - Backhand shot by Oskar Osala.
13:47 of 3rd period - Stopped by Tyler Plante without a rebound.
13:48 of 3rd period - Mikael Backlund wins face-off versus Tyler Johnson in National zone.
13:57 of 3rd period - Slapshot by Kristoffer Berglund.
13:57 of 3rd period - Deflect By Keith Yandle.
13:57 of 3rd period - Stopped by Anders Lindback with a rebound.
13:59 of 3rd period - Wrist shot by Rico Fata.
13:59 of 3rd period - Shot Blocked by Oskar Osala.
14:41 of 3rd period - Keith Yandle is hit by Dustin Kohn and loses puck.
14:54 of 3rd period - Wrist shot by Rico Fata.
14:54 of 3rd period - Goal by Rico Fata - National : 5 - Sasquatch : 2.
14:55 of 3rd period - Mikael Backlund wins face-off versus Derek Stepan in neutral zone.
15:05 of 3rd period - Icing by Nick Leddy.
15:06 of 3rd period - Derek Stepan wins face-off versus Mikael Backlund in Sasquatch zone.
15:11 of 3rd period - Dustin Kohn is hit by Jakub Voracek and loses puck.
15:42 of 3rd period - Snap shot by Guillaume Desbiens.
15:42 of 3rd period - Stopped by Anders Lindback with a rebound.
15:55 of 3rd period - Minor Penalty to Chris Mueller for Hooking.
15:56 of 3rd period - Tyler Johnson wins face-off versus Rico Fata in National zone.
15:56 of 3rd period - Wrist shot by Oskar Osala.
15:56 of 3rd period - Goal by Oskar Osala - National : 5 - Sasquatch : 3.
15:57 of 3rd period - Mikael Backlund wins face-off versus Stephane Da Costa in neutral zone.
16:08 of 3rd period - Rico Fata is hit by Cam Atkinson.
16:12 of 3rd period - Jonathan Cheechoo is hit by Cam Atkinson and loses puck.
16:23 of 3rd period - Mikael Backlund is hit by Tyler Johnson.
16:43 of 3rd period - Snap shot by Rico Fata.
16:43 of 3rd period - Shot Hit the Post.
16:45 of 3rd period - Snap shot by Rico Fata.
16:45 of 3rd period - Deflect By Mikael Backlund.
16:45 of 3rd period - Stopped by Anders Lindback without a rebound.
16:46 of 3rd period - David Desharnais wins face-off versus Kyle Clifford in Sasquatch zone.
16:47 of 3rd period - Wrist shot by Guillaume Desbiens.
16:47 of 3rd period - Stopped by Anders Lindback without a rebound.
16:48 of 3rd period - Guillaume Desbiens wins face-off versus Stephane Da Costa in Sasquatch zone.
16:59 of 3rd period - Slapshot by David Desharnais.
16:59 of 3rd period - Deflect By Guillaume Desbiens.
16:59 of 3rd period - Stopped by Anders Lindback without a rebound.
17:00 of 3rd period - David Desharnais wins face-off versus Stephane Da Costa in Sasquatch zone.
17:05 of 3rd period - Wrist shot by David Desharnais.
17:05 of 3rd period - Shot Misses the Net.
17:07 of 3rd period - Snap shot by David Desharnais.
17:07 of 3rd period - Stopped by Anders Lindback with a rebound.
17:09 of 3rd period - Slapshot by Dustin Kohn.
17:09 of 3rd period - Stopped by Anders Lindback with a rebound.
17:11 of 3rd period - Snap shot by Magnus Paajarvi-Svensson.
17:11 of 3rd period - Stopped by Anders Lindback without a rebound.
17:12 of 3rd period - Mikael Backlund wins face-off versus Stephane Da Costa in Sasquatch zone.
17:18 of 3rd period - Minor Penalty to Cam Atkinson for Hooking.
17:19 of 3rd period - Mikael Backlund wins face-off versus Tyler Johnson in Sasquatch zone.
17:19 of 3rd period - Snap shot by Pasi Salonen.
17:19 of 3rd period - Stopped by Anders Lindback without a rebound.
17:20 of 3rd period - Tyler Johnson wins face-off versus Mikael Backlund in Sasquatch zone.
17:33 of 3rd period - Slapshot by Mikael Backlund.
17:33 of 3rd period - Goal by Mikael Backlund - National : 6 - Sasquatch : 3.
17:34 of 3rd period - Mikael Backlund wins face-off versus Derek Stepan in neutral zone.
17:49 of 3rd period - Off-side.
17:50 of 3rd period - David Desharnais wins face-off versus Tyler Johnson in neutral zone.
18:15 of 3rd period - Dustin Kohn is hit by Derek Stepan and loses puck.
18:22 of 3rd period - Snap shot by Derek Stepan.
18:22 of 3rd period - Stopped by Tyler Plante with a rebound.
18:24 of 3rd period - Snap shot by Jakub Voracek.
18:24 of 3rd period - Stopped by Tyler Plante with a rebound.
18:26 of 3rd period - Snap shot by Jakub Voracek.
18:26 of 3rd period - Stopped by Tyler Plante without a rebound.
18:27 of 3rd period - David Desharnais wins face-off versus Tyler Johnson in National zone.
18:58 of 3rd period - Snap shot by D.J King.
18:58 of 3rd period - Shot Blocked by Jonathan Cheechoo.
19:12 of 3rd period - Jake Gardiner is hit by Johannes Salmonsson and loses puck.
19:17 of 3rd period - Wrist shot by Johannes Salmonsson.
19:17 of 3rd period - Shot Misses the Net.
19:19 of 3rd period - Snap shot by Philip Larsen.
19:19 of 3rd period - Stopped by Anders Lindback with a rebound.
19:21 of 3rd period - Wrist shot by Johannes Salmonsson.
19:21 of 3rd period - Shot Misses the Net.
19:23 of 3rd period - Slapshot by Igor Makarov.
19:23 of 3rd period - Shot Misses the Net.
19:33 of 3rd period - Cédric Lalonde-McNicoll is hit by Brandon Bochenski and loses puck.
19:38 of 3rd period - Slapshot by Brandon Bochenski.
19:38 of 3rd period - Shot Blocked by Magnus Paajarvi-Svensson.
19:40 of 3rd period - Slapshot by Luke Adam.
19:40 of 3rd period - Goal by Luke Adam - National : 6 - Sasquatch : 4.
19:41 of 3rd period - Cam Atkinson wins face-off versus Chris Mueller in neutral zone.
19:56 of 3rd period - Snap shot by Cam Atkinson.
19:56 of 3rd period - Shot Misses the Net.
Goals for this period are 3 for National vs 2 for Sasquatch.
Shots for this period are 16 for National vs 18 for Sasquatch.
Output by the SimonT Hockey Simulator (STHS) for François Prévost -- Original Page W3C XHTML 1.0 Valid